 Dungeon Crawl Stone Soup version 0.25-a0-566-g062765be81 (webtiles) character file.

Game seed: 5951775090282336555, levelgen mode: deterministic

17310 Elric the Severer (level 12, 0/115 HPs)
             Began as a Minotaur Fighter on Feb 27, 2020.
             Was a Priest of Makhleb.
             Slain by a wolf (3 damage)
             ... while petrified by a basilisk
             ... on level 3 of the Lair of Beasts.
             The game lasted 00:14:17 (11252 turns).

Elric the Severer (Minotaur Fighter)               Turns: 11252, Time: 00:14:17

Health: 0/115      AC: 11    Str: 28 (29) XL:     12   Next: 17%
Magic:  11/11      EV:  2    Int:  2 (5)  God:    Makhleb [***...]
Gold:   765        SH:  0    Dex:  8 (10) Spells: 11/11 levels left

rFire    + . .     SeeInvis .   G - +3 war axe
rCold    . . .     Gourm    .   c - +0 kite shield
rNeg     + + +     Faith    .   z - +0 swamp dragon scales
rPois    ∞         Spirit   .   K - +1 hat
rElec    .         Reflect  .   (no cloak)
rCorr    .         Harm     .   E - +0 pair of gloves
MR       .....                  (no boots)
Stlth    ..........             (no amulet)
HPRegen  0.29/turn              J - ring of protection from fire
MPRegen  0.12/turn              u - ring of Morality {Str+3 Slay+3}

@: petrified, flying (expiring), very slightly contaminated
A: retaliatory headbutt, horns 2
a: Minor Destruction, Lesser Servant of Makhleb, Renounce Religion


You were on level 3 of the Lair of Beasts.
You worshipped Makhleb.
Makhleb was most pleased with you.
You were hungry.

You visited 3 branches of the dungeon, and saw 14 of its levels.

You collected 765 gold pieces.

Inventory:

Hand Weapons
 G - a +3 war axe (weapon)
Armour
 b - a +0 scale mail
 c - a +0 kite shield (worn)
 z - +0 swamp dragon scales (worn)
 E - a +0 pair of gloves (worn)
 K - a +1 hat (worn)
Jewellery
 a - an uncursed ring of fire
 r - an uncursed ring of protection from magic
 s - a +4 ring of strength
 u - the ring of Morality (right hand) {Str+3 Slay+3}
   (You found it on level 6 of the Dungeon)

   [ring of strength]

   It affects your strength (+3).
   It affects your accuracy and damage with ranged weapons and melee attacks
   (+3).
 v - a +3 ring of strength
 J - a ring of protection from fire (left hand)
Wands
 g - a wand of flame (15)
 y - a wand of polymorph (6)
 B - a wand of random effects (20)
 C - a wand of iceblast (6)
 H - a wand of digging (5)
 M - a wand of enslavement (8)
Scrolls
 e - 2 scrolls of blinking
 h - 3 scrolls of enchant armour {unknown}
 k - 3 scrolls of identify
 l - 6 scrolls of remove curse
 m - 2 scrolls of fog {unknown}
 n - 2 scrolls of teleportation {unknown}
 p - a scroll of magic mapping {unknown}
 q - a scroll of random uselessness {unknown}
 F - a scroll of noise {unknown}
 L - a scroll of enchant weapon {unknown}
 N - a scroll of amnesia {unknown}
 R - a scroll of immolation {unknown}
Potions
 d - 2 potions of might
 i - 3 potions of brilliance {unknown}
 j - 4 potions of flight
 t - 2 potions of curing
 w - 2 potions of lignification {unknown}
 x - 3 potions of degeneration
 A - 2 potions of stabbing {unknown}
 D - a potion of mutation {unknown}
 I - a potion of magic {unknown}
 O - a potion of heal wounds {unknown}
 P - 3 potions of resistance {unknown}
 Q - 2 potions of haste {unknown}
Comestibles
 f - 28 rations


   Skills:
 + Level 13.0 Fighting
 * Level 16.9 Axes
 + Level 6.6 Armour
 + Level 4.3 Dodging
 + Level 6.7 Shields


You had 11 spell levels left.
You didn't know any spells.
Your spell library contained the following spells:

 Spells                   Type           Power        Failure   Level  Hunger
 Animate Skeleton         Necr           N/A          95%         1    ##.....
 Apportation              Tloc           #.....       95%         1    ##.....
 Corona                   Hex            #......      95%         1    ##.....
 Summon Small Mammal      Summ           #...         95%         1    ##.....


Dungeon Overview and Level Annotations

Branches:
Dungeon (10/15)            Temple (1/1) D:7            Lair (3/6) D:10
    Orc (0/2) D:9
  Swamp: Lair:2-4    Shoals: Lair:2-4     Snake: Lair:2-4    Spider: Lair:2-4

Altars:
Ashenzari
Cheibriados
Dithmenos
Elyvilon
Fedhas
Gozag
Hepliaklqana
Kikubaaqudgha
Makhleb
Nemelex Xobeh
Okawaru
Qazlal
Ru
Sif Muna
Trog
Uskayaw
Vehumet
Wu Jian
Xom
Yredelemnul
Zin
The Shining One

Shops:
D:5 :

Annotations:
D:9 2 runed translucent doors, Emblim88's ghost, novice TrTm


Innate Abilities, Weirdness & Mutations

You reflexively headbutt those who attack you in melee.
You have a pair of horns on your head.


Message History

The basilisk bites you but does no damage.
The wolf bites you but does no damage. The wolf bites you.
You are starting to lose your buoyancy.
The wolf barely misses you.
The basilisk bites you but does no damage.
The wolf bites you but does no damage. x2
The wolf completely misses you. The wolf bites you.
* * * LOW HITPOINT WARNING * * *
The basilisk bites you.
* * * LOW HITPOINT WARNING * * *
The wolf bites you.
* * * LOW HITPOINT WARNING * * *
The wolf bites you.
* * * LOW HITPOINT WARNING * * *
The wolf bites you but does no damage. The basilisk gazes at you.
You resist with some effort. The wolf bites you.
* * * LOW HITPOINT WARNING * * *
The wolf bites you!
You die...

..##......#P##..##
.............P.#.#
...P.......#.....#
..........#..#...#
..#.##...###..##.##
[.#####..#..(.....#
.# ###........#.###
. #..........lh..#
. #....P.....h@..#
#P##.......#...# ##
#.##P..##...#
#.#######...##
#..##.###....#
#...........##
##..##.##P...##
#...#..#......#
##...#.......##


You could see a basilisk and 2 wolves.

Vanquished Creatures
  3 hydras
  Harold (Lair:1)
  A death yak (Lair:1)
  Sonja (D:10)
  Pikel (D:6)
  An ugly thing (D:10)
  A black mamba (Lair:2)
  Maggie (D:7)
  6 spiny frogs
  2 komodo dragons (Lair:1)
  2 trolls
  2 hippogriffs
  A wyvern (D:8)
  24 yaks
  Menkaure (D:4)
  4 water moccasins
  5 porcupines
  An ice beast (D:5)
  2 orc warriors
  3 sky beasts
  2 black bears
  2 ogres
  A phantom (D:6)
  4 wolves (Lair:3)
  A centaur (D:7)
  4 bullfrogs
  4 scorpions
  11 killer bees (D:9)
  6 wights (D:10)
  4 crimson imps
  A quasit (D:8)
  A bullfrog skeleton (D:9)
  5 hounds
  6 orc wizards
  6 orc priests
  2 jellies
  3 centaur skeletons
  Jessica (D:2)
  7 iguanas
  Natasha (twice) (D:4)
  8 worker ants
  A hound skeleton (D:4)
  A worker ant zombie (D:9)
  Robin (D:3)
  7 adders
  2 shadow imps
  2 oozes
  4 adder skeletons
  A worm (D:2)
  5 dart slugs
  6 leopard geckos
  29 orcs
  4 bats
  6 giant cockroaches
  8 goblins
  9 hobgoblins
  22 jackals
  5 quokkas
  2 ball pythons
  A ball python skeleton (D:5)
  2 frilled lizards
  8 kobolds
  2 quokka skeletons (D:5)
  8 rats
  2 bushes (D:9)
  2 fungi
284 creatures vanquished.

Vanquished Creatures (others)
  A slave (D:6)
  An orc warrior (D:7)
  A jelly (D:7)
  A centaur skeleton (D:6)
  2 orcs (D:7)
  A quokka (D:6)
  A butterfly (D:7)
  2 fungi
10 creatures vanquished.

Grand Total: 294 creatures vanquished

Notes
Turn   | Place    | Note
-------+----------+-------------------------------------------
     0 | D:1      | Elric the Minotaur Fighter began the quest for the Orb.
     0 | D:1      | Reached XP level 1. HP: 19/19 MP: 0/0
   147 | D:1      | You fall into a shaft and drop 1 floor!
   151 | D:2      | Reached XP level 2. HP: 24/27 MP: 1/1
   183 | D:2      | Noticed Jessica
   195 | D:2      | Killed Jessica
   195 | D:2      | Reached XP level 3. HP: 18/33 MP: 2/2
   258 | D:2      | Reached skill level 3 in Axes
   439 | D:2      | Reached XP level 4. HP: 41/41 MP: 3/3
   499 | D:2      | Found a faded altar of an unknown god.
  1095 | D:3      | Found a sparkling altar of Nemelex Xobeh.
  1205 | D:3      | Reached XP level 5. HP: 29/47 MP: 4/4
  1389 | D:3      | Reached skill level 4 in Axes
  1427 | D:3      | Noticed Robin
  1436 | D:3      | Killed Robin
  1437 | D:3      | Reached skill level 5 in Fighting
  1479 | D:3      | Found a shadowy altar of Dithmenos.
  1486 | D:3      | Found a sacrificial altar of Ru.
  2134 | D:4      | Reached skill level 5 in Axes
  2134 | D:4      | Reached XP level 6. HP: 51/56 MP: 5/5
  2164 | D:4      | Found a basalt altar of Yredelemnul.
  2246 | D:4      | Reached skill level 6 in Axes
  2533 | D:4      | Noticed Natasha
  2540 | D:4      | Killed Natasha
  2547 | D:4      | Found a radiant altar of Vehumet.
  2572 | D:4      | Noticed Natasha
  2578 | D:4      | Killed Natasha
  2799 | D:4      | Reached XP level 7. HP: 59/63 MP: 6/6
  2848 | D:4      | Found a sparkling altar of Nemelex Xobeh.
  2898 | D:4      | Noticed Menkaure
  2907 | D:4      | Killed Menkaure
  2907 | D:4      | Reached skill level 7 in Axes
  3094 | D:4      | Found a white marble altar of Elyvilon.
  3206 | D:5      | Entered Level 5 of the Dungeon
  3285 | D:5      | Reached skill level 8 in Axes
  3893 | D:5      | Found Berph's Book Boutique.
  4169 | D:5      | Found a snail-covered altar of Cheibriados.
  4177 | D:5      | Reached XP level 8. HP: 73/73 MP: 7/7
  4429 | D:6      | Reached skill level 9 in Axes
  4448 | D:6      | Noticed Pikel
  4465 | D:6      | Killed Pikel
  4465 | D:6      | Reached skill level 10 in Axes
  4872 | D:6      | Got a clouded copper ring
  5154 | D:7      | Found a staircase to the Ecumenical Temple.
  5174 | Temple   | Entered the Ecumenical Temple
  5384 | Temple   | Became a worshipper of Makhleb the Destroyer
  5403 | D:7      | Noticed a six-headed hydra
  5409 | D:7      | Killed a six-headed hydra
  5409 | D:7      | Reached skill level 11 in Axes
  5409 | D:7      | Reached XP level 9. HP: 84/84 MP: 8/8
  5535 | D:7      | Reached skill level 12 in Axes
  5696 | D:7      | Noticed Maggie
  5711 | D:7      | Killed Maggie
  5861 | D:7      | Identified the ring of Morality {Str+3 Slay+3} (You found
                  | it on level 6 of the Dungeon)
  5954 | D:7      | Reached skill level 10 in Fighting
  6528 | D:8      | Reached skill level 13 in Axes
  6552 | D:8      | Reached XP level 10. HP: 88/94 MP: 9/9
  6611 | D:8      | Reached * piety under Makhleb
  7234 | D:9      | Found a bloodstained altar of Trog.
  7271 | D:9      | Reached skill level 14 in Axes
  7276 | D:9      | Reached ** piety under Makhleb
  7384 | D:9      | Found a staircase to the Orcish Mines.
  7998 | D:9      | Found a large runed translucent door.
  7999 | D:9      | Found a large runed translucent door.
  8002 | D:9      | Noticed Emblim88's ghost (novice TrTm)
  8199 | D:10     | Entered Level 10 of the Dungeon
  8362 | D:10     | Noticed a green ugly thing
  8365 | D:10     | Noticed Sonja
  8372 | D:10     | Killed a green ugly thing
  8372 | D:10     | Reached skill level 15 in Axes
  8385 | D:10     | Killed Sonja
  8592 | D:10     | Found a staircase to the Lair.
  8667 | D:10     | Reached XP level 11. HP: 89/104 MP: 10/10
  8963 | Lair:1   | Entered Level 1 of the Lair of Beasts
  9005 | Lair:1   | Reached skill level 1 in Dodging
  9006 | Lair:1   | Reached *** piety under Makhleb
  9319 | Lair:1   | Noticed Harold
  9326 | Lair:1   | Killed Harold
  9326 | Lair:1   | Reached skill level 16 in Axes
  9326 | Lair:1   | Reached skill level 5 in Shields
  9538 | Lair:1   | Reached skill level 5 in Armour
  9615 | Lair:1   | Noticed a five-headed hydra
  9620 | Lair:1   | Killed a six-headed hydra
  9779 | Lair:1   | Noticed a death yak
  9789 | Lair:1   | Killed a death yak
 10431 | Lair:2   | Reached XP level 12. HP: 113/113 MP: 11/11
 11210 | Lair:3   | Noticed a four-headed hydra
 11218 | Lair:3   | Killed a six-headed hydra
 11228 | Lair:3   | HP: 3/115 [wolf (7)]
 11252 | Lair:3   | HP: 5/115 [wolf (2)]
 11252 | Lair:3   | Slain by a wolf

Levels and vault maps discovered:
D:1:      wheals_arrival_linesprint, layout_basic,
          chequers_serial_rivers_micro_e
D:2:      layout_basic, chequers_ecumenical_altar_grove, first_ration,
          minmay_fountain_box, uniq_jessica
D:3:      layout_basic, nemelex_altar_shiori, minitemple, uniq_robin
D:4:      layout_cave_pools, kennysheep_ying_yang, kennysheep_little_box,
          nrook_mini_backslash, nemelex_dance_club_becter, uniq_menkaure,
          uniq_natasha
D:5:      layout_loops_ring, kennysheep_slug_shrine, serial_shops,
          kennysheep_mini
D:6:      layout_loops_ring, uniq_pikel
D:7:      layout_gridville, minmay_temple_entry_butterflies,
          lemuel_flame_loot_1, uniq_maggie
D:8:      layout_rooms, grunt_ogre_cave
D:9:      layout_long_grid, bloody_trog, orc_0_dummy,
          ebering_ghost_disaster_area, minmay_hedge_maze
D:10:     layout_long_grid, lair_entry_dummy, uniq_sonja, uniq_erolcha
Temple:   eino_narrow_crystal_temple
Lair:1:   layout_chaotic_city, minmay_shattered_shrine, grunt_megastairs_2,
          lemuel_fruit_tree, infiniplex_staircase_pool_2, uniq_harold
Lair:2:   layout_cave_pods
Lair:3:   layout_loops_ring, minmay_shoals_entry_hut, minivault_11,
          serial_bayou_crossing, serial_bayou_shore_b, uniq_nergalle

Skill      XL: |  1  2  3  4  5  6  7  8  9 10 11 12 |
---------------+-------------------------------------+-----
Fighting       | 4 5 6 7 9 10 12 13 | 13.0
Armour         | 4 6 |  6.6
Shields        | 4 6 |  6.7
Axes           | 3 5 6 8 11 13 15 16 | 16.9
Dodging        | 3 4 |  4.3

Action                   |  1- 3 |  4- 6 |  7- 9 | 10-12 || total
-------------------------+-------+-------+-------+-------++-------
Melee: War axe           |    45 |   176 |   247 |   320 ||   788
       Headbutt          |     5 |    34 |    40 |    79 ||   158
Evoke: Wand              |       |       |     5 |     5 ||    10
  Use: Scroll            |       |       |     5 |     4 ||     9
       Potion            |       |       |       |     3 ||     3
  Eat: Chunk             |       |     6 |     5 |     8 ||    19
       Ration            |       |       |     2 |     2 ||     4
Armor: Scale mail        |    30 |    62 |    71 |       ||   163
       Swamp dragon scal |       |       |    12 |   130 ||   142
Dodge: Dodged            |    19 |    59 |    62 |   125 ||   265
Block: Kite shield       |    31 |    88 |    96 |   142 ||   357

Table legend:
 A = Non-vault XP
 B = Vault XP
 C = Vault XP percentage of total XP
 D = Non-vault monster count
 E = Vault monster count
 F = Vault count percentage of total count
                 A         B        C        D         E       F
            +---------+---------+-------+---------+---------+-------
      Total |   19138 |    5591 |  22.6 |     253 |      28 |  10.0
            +---------+---------+-------+---------+---------+-------
        D:1 |       7 |       0 |   0.0 |       4 |       0 |   0.0
        D:2 |      66 |      37 |  35.9 |      28 |       1 |   3.4
        D:3 |     131 |      34 |  20.6 |      26 |      11 |  29.7
        D:4 |     486 |     214 |  30.6 |      24 |       4 |  14.3
        D:5 |     473 |       4 |   0.8 |      28 |       1 |   3.4
        D:6 |     565 |     663 |  54.0 |      10 |       1 |   9.1
        D:7 |    1911 |     415 |  17.8 |      16 |       1 |   5.9
        D:8 |    1032 |     121 |  10.5 |      19 |       1 |   5.0
        D:9 |    3032 |       0 |   0.0 |      39 |       0 |   0.0
       D:10 |    2680 |     814 |  23.3 |      25 |       1 |   3.8
     Lair:1 |    3664 |    3289 |  47.3 |      11 |       7 |  38.9
     Lair:2 |    3366 |       0 |   0.0 |      16 |       0 |   0.0
     Lair:3 |    1725 |       0 |   0.0 |       7 |       0 |   0.0
            +---------+---------+-------+---------+---------+-------
